 Dungeon Sprint DCSS version 0.20-a0-1121-gbb42413 (webtiles) character file.

210140 potatolord6000 the Dwarven Barricade (level 18, -16/327 HPs)
             Began as a Deep Dwarf Fighter on May 10, 2017.
             Was an Initiate of Gozag.
             Killed by a greater mummy's death curse (33 damage)
             ... in the Dungeon (Sprint VII: "The Pits").
             The game lasted 00:59:27 (4670 turns).

potatolord6000 the Dwarven Barricade (DDFi)         Turns: 4670, Time: 00:59:28

Health: -16/327    AC: 49    Str: 33    XL:     18   Next: 17%
Magic:  0/0        EV: 34    Int: 24    God:    Gozag
Gold:   190        SH: 33    Dex: 19    Spells: 17/17 levels left

rFire    + . .     SeeInvis .   t - +9 war axe (chop)
rCold    + . .     Gourm    .   c - +5 shield
rNeg     + . .     Faith    .   b - +8 plate armour of Fedhas's Outrage {+Blink Int+7}
rPois    +         Spirit   .   E - +1 helmet
rElec    +         Reflect  +   G - +0 cloak {MR+}
rCorr    +         Harm     .   v - +2 pair of gloves {Str+3}
MR       +++..     NoTele   +   e - +2 pair of boots {Fly}
Stlth    ..........             z - brooch of Shielding {Reflect SH+8}
Regen    0.0/turn               s - +4 ring of protection
MPRegen  0.1/turn               w - +6 ring of protection

@: mighty, brilliant, agile, berserking, resistant, gold aura, flying, very
slightly contaminated, non-regenerating, invisible, very quick
A: damage resistance, heal wounds, repulsion field 1, thin skeletal structure 1,
deformed body, negative energy resistance 1, sense surroundings 3, no
regeneration
}: 1/15 runes: silver
a: Heal Wounds, Potion Petition, Call Merchant, Bribe Branch, Renounce Religion,
Evoke Blink, Stop Flying


You were in the Dungeon.
You worshipped Gozag.
Gozag was aware of your devotion.
You were not hungry.

You visited 1 branch You collected 33548 gold pieces.
You spent 6564 gold pieces at shops.
You paid 26794 gold pieces to Gozag.

Inventory:

Hand Weapons
 t - a +9 war axe of chopping (weapon)
Armour
 b - the +8 plate armour of Fedhas's Outrage (worn) {+Blink Int+7}
   (You bought it in a shop in the Dungeon)

   It affects your intelligence (+7).
   It lets you blink.
 c - a +5 shield (worn)
 e - a +2 pair of boots of flying (worn)
 v - a +2 pair of gloves of strength (worn)
 E - a +1 helmet (worn)
 G - a +0 cloak of magic resistance (worn)
Jewellery
 s - a +4 ring of protection (left hand)
 w - a +6 ring of protection (right hand)
 z - the brooch of Shielding (around neck) {Reflect SH+8}
   (You bought it in a shop in the Dungeon)

   [amulet of reflection]

   It shields you and reflects attacks.
   It affects your SH (+8).
Scrolls
 k - a scroll of blinking
 l - 12 scrolls of remove curse
 m - 5 scrolls of amnesia
 n - a scroll of summoning
 q - 3 scrolls of fog
 y - 4 scrolls of recharging
 A - 2 scrolls of identify
 C - 2 scrolls of enchant weapon
 D - 3 scrolls of fear
Potions
 h - a potion of invisibility
 i - 4 potions of magic
 j - 3 potions of berserk rage
 u - 5 potions of brilliance
 x - a potion of might
Comestibles
 d - 7 royal jellies
 f - 10 bread rations
 o - 40 fruits
 p - 5 meat rations


   Skills:
 O Level 27 Fighting
 O Level 27 Axes
 O Level 27 Armour
 + Level 24.7 Dodging
 O Level 27 Shields


You had 17 spell levels left.
You didn't know any spells.

Dungeon Overview and Level Annotations

Branches:
Dungeon (1/1)

Altars:
Ashenzari
Cheibriados
Dithmenos
Elyvilon
Fedhas
Gozag
Hepliaklqana
Kikubaaqudgha
Makhleb
Nemelex Xobeh
Okawaru
Qazlal
Ru
Sif Muna
Trog
Uskayaw
Vehumet
Wu Jian
Xom
Yredelemnul
Zin
The Shining One
Beogh
Jiyva
Lugonu

Shops:
D [[[[?[[[}?!%=

Annotations:
D Mara, Nikola


Innate Abilities, Weirdness & Mutations

You are resistant to damage.
You can heal yourself by infusing magical energy.
You resist negative energy. (rN+)
You passively map a large area around you.
You do not regenerate.
You are surrounded by a mild repulsion field. (EV +2)
You have a somewhat thin skeletal structure. (Dex +2, Stealth)
Armour fits poorly on your strangely shaped body.


Message History

You slice the Ice Fiend!!
You kill the Ice Fiend!
You slash the Tzitzimitl!
The electric golem blinks!
Nikola points at you and mumbles some strange words.
The zap hits you! You resist.
* * * LOW HITPOINT WARNING * * *
You slice the greater mummy!!
The greater mummy is almost destroyed.
You slash the Tzitzimitl!
The electric golem blinks!
You block the Tzitzimitl's attack. The Tzitzimitl completely misses you.
The greater mummy calls on the powers of darkness!
Nikola convulses!
Your body is wracked with pain!
* * * LOW HITPOINT WARNING * * *
The Orb Guardian convulses!
You cut the greater mummy into ribbons!!!
You destroy the greater mummy!
You feel extremely nervous for a moment...
You convulse helplessly as pain tears through your body!
You die...
Your body crumbles into a pile of gold.

, , , * , *#...#...... ,
.............##..#...... , ,
...s..........#......... ,
,.s.....s......#......... , ,
,..............#......... *
.............##..#.....[ ,
#....X.§R...##...#...... ,
#...1.$@###....#...... ,,
..###.$@###.....###..... , ,
......$........## ##...[ **
....8...§..∩..## ##... *
############### ####
####################### #######
..'............(......# ###......
..'...................###........
.####......##......#####.........
##..####..)()(..####|:##.........


You could see Nikola, Mara, an electric golem, a Tzitzimitl, an Orb Guardian and
3 death scarabs.

Vanquished Creatures
  An ancient lich (D)
  A pandemonium lord (D)
  Frederick (D)
  A Killer Klown (D)
  A golden dragon (D)
  4 profane servitors (D)
  3 bone dragons (D)
  Jory (D)
  A pearl dragon (D)
  A Brimstone Fiend (D)
  2 Ice Fiends (D)
  A tentacled monstrosity (D)
  12 Orb Guardians (D)
  A Hell Sentinel (D)
  2 liches (D)
  2 deep elf master archers (D)
  2 acid blobs (D)
  3 Executioners (D)
  3 titans (D)
  A death cob (D)
  A sphinx (D)
  A shadow dragon (D)
  2 storm dragons (D)
  A daeva (D)
  An azure jelly (D)
  2 frost giants (D)
  2 fire giants (D)
  2 iron dragons (D)
  A balrug (D)
  2 ghost moths (D)
  Louise (D)
  2 emperor scorpions (D)
  A cacodemon (D)
  A draconian stormcaller (D)
  2 spriggan defenders (D)
  2 orc warlords (D)
  4 ghouls (D)
  2 apis (D)
  A deep elf demonologist (D)
  4 vampire knights (D)
  A stone giant (D)
  A deep elf annihilator (D)
  2 dire elephants (D)
  2 purple draconians (D)
  A black draconian (D)
  A green death (D)
  A blizzard demon (D)
  2 ettins (D)
  3 deep elf death magi (D)
  2 eidola (D)
  A merfolk javelineer (D)
  A death ooze (D)
  4 fire dragons (D)
  2 yaktaur captains (D)
  3 deep elf high priests (D)
  A great orb of eyes (D)
  4 ice dragons (D)
  A rakshasa (D)
  3 hell beasts (D)
  A spriggan air mage (D)
  A merfolk avatar (D)
  4 naga warriors (D)
  2 vault guards (D)
  3 death knights (D)
  5 death yaks (D)
  4 hell hogs (D)
  2 spriggan berserkers (D)
  5 vampire magi (D)
  2 sun demons (D)
  Sonja (D)
  5 skeletal warriors (D)
  An iron troll (D)
  3 deep elf knights (D)
  2 cherubim (D)
  2 sixfirhies (D)
  A sea snake (D)
  An unseen horror (D)
  5 flayed ghosts (D)
  9 orc knights (D)
  An ugly thing (D)
  A necromancer (D)
  A wolf spider (D)
  An orb spider (shapeshifter) (D)
  2 deep elf magi (D)
  A cyclops (D)
  A manticore (D)
  4 eyes of devastation (D)
  Psyche (D)
  2 kobold demonologists (D)
  A gargoyle (D)
  A spiny frog (D)
  2 hellions (D)
  2 demonic crawlers (D)
  3 red devils (D)
  2 ice devils (D)
  A hellwing (D)
  4 guardian mummies (D)
  4 freezing wraiths (D)
  2 merfolk (D)
  A wandering mushroom (D)
  3 hornets (D)
  2 trolls (D)
  A jumping spider (D)
  10 blink frogs (D)
  5 dream sheep (D)
  A slime creature (D)
  A snapping turtle (D)
  Sigmund (D)
  5 spriggans (D)
  An air elemental (D)
  2 large abominations (D)
  2 tarantellas (D)
  4 wraiths (D)
  4 redbacks (D)
  2 wyverns (D)
  5 vampires (D)
  6 yaks (D)
  4 steam dragons (D)
  2 fire elementals (D)
  A chaos spawn (D)
  5 insubstantial wisps (D)
  A soldier ant (D)
  An orc warrior (D)
  2 floating eyes (D)
  A porcupine (D)
  An eye of draining (D)
  2 ogres (D)
  9 wolves (D)
  A centaur (D)
  3 big kobolds (D)
  A bullfrog (D)
  2 earth elementals (D)
  A scorpion (D)
  5 wights (D)
  A crimson imp (D)
  2 orc priests (D)
  A quasit (D)
  2 hounds (D)
  2 orc wizards (D)
  A hell rat (D)
  Ijyb (D)
  2 worker ants (D)
  A gnoll (D)
  A river rat (D)
  A white imp (D)
  3 ufetubi (D)
  2 adder skeletons (D)
  2 adder simulacra (D)
  3 leopard geckos (D)
  5 orcs (D)
  2 ball pythons (D)
  4 bat skeletons (D)
  4 bat zombies (D)
  A giant cockroach (D)
  2 goblins (D)
  3 kobolds (D)
  A ball python simulacrum (D)
  3 bat simulacra (D)
  A giant cockroach simulacrum (D)
  2 giant cockroach zombies (D)
  2 jackal skeletons (D)
  A leopard gecko simulacrum (D)
  A leopard gecko skeleton (D)
  A leopard gecko zombie (D)
  2 quokka simulacra (D)
  3 quokka skeletons (D)
  A rat (D)
373 creatures vanquished.

Vanquished Creatures (others)
  Nessos (D)
  A yaktaur captain (D)
  2 dancing weapons (D)
  A deep elf knight (D)
  An unseen horror (D)
  An acid dragon (D)
  A centaur (D)
  A bat zombie (D)
9 creatures vanquished.

Grand Total: 382 creatures vanquished

Notes
Turn   | Place    | Note
-------+----------+-------------------------------------------
     0 | D        | potatolord6000 the Deep Dwarf Fighter began the quest for the Orb.
     0 | D        | Reached XP level 1. HP: 20/20 MP: 1/1
    11 | D        | Noticed a worker ant
    21 | D        | Killed a worker ant
    21 | D        | Reached XP level 2. HP: 28/30 MP: 2/2
    51 | D        | Found a bloodstained altar of Trog.
    51 | D        | Found a deep blue altar of Sif Muna.
    51 | D        | Found a viscous altar of Jiyva.
    51 | D        | Found a hazy altar of Hepliaklqana.
    51 | D        | Found an opulent altar of Gozag.
    52 | D        | Found a glowing golden altar of the Shining One.
    52 | D        | Found a glowing silver altar of Zin.
    52 | D        | Found a basalt altar of Yredelemnul.
    52 | D        | Found a shimmering altar of Xom.
    52 | D        | Found an ornate altar of the Wu Jian Council.
    52 | D        | Found a sacrificial altar of Ru.
    52 | D        | Found a stormy altar of Qazlal.
    52 | D        | Found an iron altar of Okawaru.
    52 | D        | Found a sparkling altar of Nemelex Xobeh.
    52 | D        | Found a burning altar of Makhleb.
    52 | D        | Found a blossoming altar of Fedhas.
    52 | D        | Found a white marble altar of Elyvilon.
    52 | D        | Found a shadowy altar of Dithmenos.
    52 | D        | Found a snail-covered altar of Cheibriados.
    55 | D        | Found a corrupted altar of Lugonu.
    55 | D        | Found a radiant altar of Vehumet.
    55 | D        | Found a roughly hewn altar of Beogh.
    56 | D        | Found an ancient bone altar of Kikubaaqudgha.
    56 | D        | Found a hide-covered altar of Uskayaw.
    56 | D        | Found a shattered altar of Ashenzari.
    59 | D        | Became a worshipper of Gozag Ym Sagoz the Greedy
    98 | D        | Reached skill level 5 in Armour
    98 | D        | Reached skill level 5 in Shields
    98 | D        | Reached XP level 3. HP: 27/36 MP: 3/3
   124 | D        | Noticed an ogre
   124 | D        | Reached XP level 4. HP: 39/45 MP: 4/4
   132 | D        | Killed an ogre
   132 | D        | Reached skill level 5 in Fighting
   132 | D        | Reached XP level 5. HP: 20/52 MP: 5/5
   329 | D        | Noticed Sigmund
   329 | D        | Reached XP level 6. HP: 63/63 MP: 5/5
   334 | D        | Killed Sigmund
   342 | D        | Reached XP level 7. HP: 67/72 MP: 6/6
   378 | D        | Noticed a guardian mummy
   383 | D        | Killed a guardian mummy
   388 | D        | Reached skill level 10 in Armour
   388 | D        | Reached skill level 10 in Shields
   400 | D        | Reached skill level 10 in Axes
   400 | D        | Reached XP level 8. HP: 66/82 MP: 7/7
   499 | D        | Bought the +7 plate armour of Sloth {+Fly Int+4} for 1132 gold pieces
   555 | D        | Noticed a demonic crawler
   555 | D        | Noticed a kobold demonologist
   556 | D        | Noticed a kobold demonologist
   561 | D        | Noticed a hellwing
   564 | D        | Noticed a rust devil
   564 | D        | Killed a kobold demonologist
   574 | D        | Noticed a red devil
   578 | D        | Killed a demonic crawler
   579 | D        | Noticed a hellwing
   579 | D        | Killed a kobold demonologist
   579 | D        | Gained mutation: You passively map the area around you. [Deep Dwarf growth]
   579 | D        | Reached XP level 9. HP: 74/93 MP: 8/8
   595 | D        | Noticed Sonja
   596 | D        | Noticed Ijyb
   598 | D        | Killed Sonja
   598 | D        | Reached skill level 10 in Fighting
   598 | D        | Killed Ijyb
   629 | D        | Noticed a manticore
   630 | D        | Killed an unseen horror
   648 | D        | Killed a manticore
   684 | D        | Noticed a wolf spider
   701 | D        | Killed a wolf spider
   701 | D        | Reached XP level 10. HP: 72/105 MP: 9/9
   820 | D        | Noticed a reaper
   842 | D        | Killed a ghost moth
   873 | D        | Bought a +2 pair of boots of flying for 322 gold pieces
   873 | D        | Bought a +1 pair of gloves of strength for 247 gold pieces
   917 | D        | Noticed a spiny frog
   922 | D        | Killed a spiny frog
   926 | D        | Reached XP level 11. HP: 112/115 MP: 8/8
   937 | D        | Noticed a deep elf knight
   938 | D        | Noticed a death cob
   938 | D        | Noticed a deep elf mage
   938 | D        | Noticed a deep elf mage
   938 | D        | Noticed a deep elf annihilator
   945 | D        | Killed a deep elf knight
   966 | D        | Killed a death cob
   966 | D        | Reached skill level 15 in Axes
   966 | D        | Reached skill level 15 in Armour
   966 | D        | Reached skill level 15 in Shields
   966 | D        | Killed an unseen horror
   973 | D        | Killed a deep elf annihilator
   978 | D        | Killed a deep elf mage
   992 | D        | Killed a deep elf mage
  1029 | D        | Bought the +8 plate armour of Fedhas's Outrage {+Blink Int+7} for 1375 gold pieces
  1155 | D        | Gained mutation: You tend to lose your temper in combat. [potion of mutation]
  1155 | D        | Gained mutation: You are clumsy. (Dex -2) [potion of mutation]
  1155 | D        | Lost mutation: You are clumsy. (Dex -2) [potion of mutation]
  1155 | D        | Gained mutation: Your spells are a little harder to cast, but a little more powerful. [potion of mutation]
  1222 | D        | Noticed an orc knight
  1240 | D        | Killed an orc knight
  1312 | D        | Noticed a fire dragon
  1312 | D        | Noticed a sixfirhy
  1314 | D        | Noticed an ice dragon
  1330 | D        | Noticed a merfolk javelineer
  1330 | D        | Killed an ice dragon
  1330 | D        | Reached XP level 12. HP: 85/128 MP: 9/9
  1358 | D        | Noticed a death knight
  1363 | D        | Killed a fire dragon
  1373 | D        | Killed a merfolk javelineer
  1373 | D        | Killed a death knight
  1389 | D        | Reached skill level 15 in Fighting
  1400 | D        | Noticed an emperor scorpion
  1412 | D        | Killed a ghost moth
  1421 | D        | Killed an emperor scorpion
  1535 | D        | Noticed a death yak
  1549 | D        | Killed a death yak
  1575 | D        | Noticed a reaper
  1643 | D        | Bought a scroll of enchant armour for 127 gold pieces
  1646 | D        | Bought a potion of heal wounds for 75 gold pieces
  1646 | D        | Bought a potion of might for 60 gold pieces
  1646 | D        | Bought a potion of heal wounds for 75 gold pieces
  1646 | D        | Bought 2 potions of curing for 90 gold pieces
  1646 | D        | Bought a potion of curing for 45 gold pieces
  1646 | D        | Bought a potion of haste for 150 gold pieces
  1646 | D        | Bought a potion of heal wounds for 75 gold pieces
  1646 | D        | Bought a potion of might for 60 gold pieces
  1646 | D        | Bought a potion of heal wounds for 75 gold pieces
  1655 | D        | Noticed a death knight
  1657 | D        | Noticed an orc warlord
  1657 | D        | Noticed an orc warlord
  1661 | D        | Noticed a yaktaur captain
  1669 | D        | Killed a death knight
  1672 | D        | Reached XP level 13. HP: 86/140 MP: 8/8
  1687 | D        | Killed an orc warlord
  1687 | D        | Killed an orc warlord
  1731 | D        | Noticed Psyche
  1741 | D        | Killed Psyche
  1830 | D        | Noticed a dire elephant
  1849 | D        | Killed a dire elephant
  2119 | D        | Bought a +4 ring of protection for 540 gold pieces
  2268 | D        | Noticed a sphinx
  2268 | D        | Noticed a purple draconian
  2268 | D        | Noticed a black draconian
  2268 | D        | Noticed an emperor scorpion
  2268 | D        | Noticed an eidolon
  2274 | D        | Killed a purple draconian
  2277 | D        | Killed a black draconian
  2282 | D        | Paralysed by a sphinx for 3 turns
  2294 | D        | Gained mutation: You resist negative energy. (rN+) [Deep Dwarf growth]
  2294 | D        | Reached XP level 14. HP: 153/153 MP: 7/7
  2300 | D        | Killed an emperor scorpion
  2335 | D        | Paralysed by a sphinx for 4 turns
  2341 | D        | Killed a sphinx
  2495 | D        | Noticed Jory
  2519 | D        | Killed Jory
  2598 | D        | Bought the brooch of Shielding {Reflect SH+8} for 1594 gold pieces
  2663 | D        | Noticed an Executioner
  2675 | D        | Killed an Executioner
  2776 | D        | Noticed a profane servitor
  2788 | D        | Killed a profane servitor
  2795 | D        | Noticed a cacodemon
  2796 | D        | Noticed a deep elf master archer
  2808 | D        | Killed a deep elf master archer
  2817 | D        | Noticed a Brimstone Fiend
  2818 | D        | Noticed an Executioner
  2822 | D        | Identified the +7 dire flail of Qisaarux {speed, rElec SInv}
  2835 | D        | Got the amulet "Semawk" {*Corrode +Rage rF+ rN++ Str+2}
  2921 | D        | Bought a crude helmet for 218 gold pieces
  2921 | D        | Identified the cursed +0 helmet "Nelibb" {Str+2} (You bought it in a shop in the Dungeon)
  2936 | D        | Noticed Nessos
  2936 | D        | Noticed a fire giant
  2936 | D        | Noticed a profane servitor
  2937 | D        | Noticed an Executioner
  2952 | D        | Reached XP level 15. HP: 136/166 MP: 5/5
  2952 | D        | Paralysed by a floating eye for 2 turns
  2957 | D        | Killed a fire giant
  2968 | D        | Killed a profane servitor
  2968 | D        | Paralysed by a floating eye for 3 turns
  2987 | D        | Killed an Executioner
  2991 | D        | Killed Nessos
  3072 | D        | Noticed an iron dragon
  3074 | D        | Noticed a frost giant
  3092 | D        | Killed an iron dragon
  3099 | D        | Killed a frost giant
  3271 | D        | Lost mutation: Your spells are a little harder to cast, but a little more powerful. [potion of mutation]
  3271 | D        | Lost mutation: You tend to lose your temper in combat. [potion of mutation]
  3271 | D        | Gained mutation: Armour fits poorly on your strangely shaped body. [potion of mutation]
  3271 | D        | Gained mutation: You have a somewhat thin skeletal structure. (Dex +2, Stealth) [potion of mutation]
  3271 | D        | Gained mutation: You are surrounded by a mild repulsion field. (EV +2) [potion of mutation]
  3380 | D        | Noticed a bone dragon
  3495 | D        | Noticed a lich
  3495 | D        | Noticed a bone dragon
  3495 | D        | Noticed a lich
  3495 | D        | Noticed a bone dragon
  3508 | D        | Killed a lich
  3519 | D        | Killed a lich
  3532 | D        | Killed a bone dragon
  3568 | D        | Reached XP level 16. HP: 137/182 MP: 3/3
  3568 | D        | Killed a bone dragon
  3632 | D        | Got the ring "Ogifapeq" {Str+4 Int+3}
  3649 | D        | Got a silver rune of Zot
  3780 | D        | Noticed an Executioner
  3791 | D        | Killed an Executioner
  3822 | D        | Killed a bone dragon
  3829 | D        | Noticed a titan
  3831 | D        | Noticed a Brimstone Fiend
  3835 | D        | Noticed a tentacled monstrosity
  3836 | D        | Noticed an acid blob
  3837 | D        | Noticed a deep elf master archer
  3838 | D        | Noticed a storm dragon
  3848 | D        | Noticed a pearl dragon
  3851 | D        | Killed a titan
  3853 | D        | Killed a Brimstone Fiend
  3854 | D        | Killed a deep elf master archer
  3856 | D        | Killed a tentacled monstrosity
  3858 | D        | Killed a storm dragon
  3867 | D        | Killed an acid blob
  3874 | D        | Killed a pearl dragon
  3913 | D        | Bought a faintly humming shield for 304 gold pieces
  3915 | D        | Identified the cursed +0 shield of Qotoken {Str+2} (You bought it in a shop in the Dungeon)
  3978 | D        | Noticed a profane servitor
  3979 | D        | Noticed a storm dragon
  3983 | D        | Noticed a golden dragon
  3988 | D        | Noticed a titan
  3996 | D        | Killed a storm dragon
  4012 | D        | Killed a profane servitor
  4025 | D        | Killed a golden dragon
  4027 | D        | Killed a titan
  4033 | D        | Reached skill level 27 in Shields
  4033 | D        | Reached XP level 17. HP: 62/196 MP: 2/2
  4128 | D        | Reached skill level 27 in Axes
  4128 | D        | Reached skill level 27 in Armour
  4198 | D        | Got the ring of Lady Luck {+Blink rC+ rN+++ Dex-3 Stlth+}
  4200 | D        | Got the amulet "Wiery" {+Rage rF- Int+3}
  4202 | D        | Got the amulet of Ephemeral Luck {Reflect Dex+3 SH+4}
  4204 | D        | Got the amulet of Gougidix {Fragile +Rage rPois Int+10 Dex-2}
  4206 | D        | Got the ring of the Catfish {rCorr rPois SInv}
  4208 | D        | Got the ring "Rashamn" {Ice *Slow rPois Int+3}
  4210 | D        | Got the ring "Vicid" {Wiz rPois MR++ Dex+3}
  4212 | D        | Got the ring "Upuf" {+Fly rPois rC++ SInv Stlth+}
  4271 | D        | Noticed a Killer Klown
  4276 | D        | Paralysed by a floating eye for 3 turns
  4298 | D        | Killed a Killer Klown
  4313 | D        | Noticed a profane servitor
  4313 | D        | Noticed an acid blob
  4323 | D        | Killed an acid blob
  4351 | D        | Killed a profane servitor
  4381 | D        | Noticed an Orb Guardian
  4381 | D        | Noticed an Orb Guardian
  4381 | D        | Noticed an Orb Guardian
  4381 | D        | Noticed an Orb Guardian
  4388 | D        | Noticed Frederick
  4388 | D        | Killed an Orb Guardian
  4390 | D        | Noticed Omuabeg the pandemonium lord
  4392 | D        | Killed an Orb Guardian
  4392 | D        | Killed an Orb Guardian
  4392 | D        | Killed an Orb Guardian
  4404 | D        | Reached skill level 27 in Fighting
  4409 | D        | Reached skill level 5 in Dodging
  4418 | D        | Noticed an Orb Guardian
  4422 | D        | Killed Frederick
  4430 | D        | Killed an Orb Guardian
  4435 | D        | Noticed an Orb Guardian
  4446 | D        | Killed Omuabeg the pandemonium lord
  4454 | D        | Killed an Orb Guardian
  4466 | D        | Noticed an Orb Guardian
  4488 | D        | Killed an Orb Guardian
  4504 | D        | Noticed a titan
  4505 | D        | Noticed Louise
  4506 | D        | Noticed an Ice Fiend
  4524 | D        | Killed a titan
  4527 | D        | Killed Louise
  4532 | D        | Killed an Ice Fiend
  4603 | D        | Noticed an Orb Guardian
  4603 | D        | Noticed an Orb Guardian
  4604 | D        | Noticed an Orb Guardian
  4615 | D        | Killed an Orb Guardian
  4618 | D        | Killed an Orb Guardian
  4619 | D        | Killed an Orb Guardian
  4619 | D        | Gained mutation: You passively map a large area around you. [Deep Dwarf growth]
  4619 | D        | Reached XP level 18. HP: 29/218 MP: 1/1
  4629 | D        | Noticed an electric golem
  4630 | D        | Noticed a Hell Sentinel
  4631 | D        | Noticed Mara
  4631 | D        | Noticed an ancient lich
  4631 | D        | Noticed Nikola
  4631 | D        | Noticed an Ice Fiend
  4633 | D        | Noticed a greater mummy
  4635 | D        | Noticed an Orb Guardian
  4635 | D        | Noticed an Orb Guardian
  4644 | D        | Killed an ancient lich
  4647 | D        | Noticed a Tzitzimitl
  4648 | D        | Killed an Orb Guardian
  4651 | D        | Killed an Orb Guardian
  4657 | D        | Noticed an Orb Guardian
  4661 | D        | Killed a Hell Sentinel
  4668 | D        | Killed an Ice Fiend
  4670 | D        | Killed a greater mummy
  4670 | D        | Killed by a greater mummy's death curse

Vault maps used:
D:        pitsprint

Skill      XL: |  1  2  3  4  5  6  7  8  9 10 11 12 13 14 15 16 17 18 |
---------------+-------------------------------------------------------+-----
Fighting       | 3 4 5 6 7 8 9 11 12 14 15 17 19 21 23 27 | 27.0
Axes           | 3 4 6 7 8 10 11 13 14 16 18 20 22 24 26 27 | 27.0
Armour         | 4 5 6 7 9 10 11 13 14 16 18 20 22 24 26 27 | 27.0
Shields        | 4 5 6 7 8 10 11 13 14 16 18 20 22 24 27 | 27.0
Dodging        | 21 24 | 24.7

Action                   |  1- 3 |  4- 6 |  7- 9 | 10-12 | 13-15 | 16-18 || total
-------------------------+-------+-------+-------+-------+-------+-------++-------
Melee: War axe           |    33 |     8 |    69 |   353 |   470 |   334 ||  1267
       Hand axe          |       |    21 |    28 |       |       |       ||    49
Invok: Call Merchant     |       |       |     2 |     4 |     2 |     5 ||    13
       Potion Petition   |       |       |       |     3 |     6 |     7 ||    16
 Abil: Heal Wounds       |       |     2 |     2 |    10 |    25 |     8 ||    47
       Evoke Flight      |       |       |     1 |       |       |       ||     1
  Use: Potion            |     2 |     1 |     4 |    12 |    17 |    32 ||    68
       Scroll            |       |       |       |     8 |     6 |     1 ||    15
 Stab: Distracted        |       |       |       |     3 |     6 |     7 ||    16
       Invisible         |       |       |       |       |    19 |     7 ||    26
  Eat: Meat ration       |       |     2 |       |       |     2 |       ||     4
Armor: Scale mail        |    18 |     1 |       |       |       |       ||    19
       Plate armour      |       |     7 |    90 |   195 |   241 |   120 ||   653
Dodge: Dodged            |    12 |     2 |    25 |    73 |    93 |    59 ||   264
Block: Shield            |    18 |    19 |    91 |   255 |   600 |   363 ||  1346
       Reflection        |       |       |       |     2 |    26 |     3 ||    31
